 Dungeon Crawl Stone Soup version 0.22.1-2-g9c5b331 (webtiles) character file.

49 Tiagovsky the Magician (level 4, -3/33 HPs)
             Began as a Human Wizard on Jan 4, 2019.
             Slain by a gnoll
             ... wielding a +0 flail
              (7 damage)
             ... on level 2 of the Dungeon.
             The game lasted 00:10:30 (2243 turns).

Tiagovsky the Magician (Human Wizard)               Turns: 2243, Time: 00:10:31

Health: -3/33      AC:  4    Str:  7    XL:     4   Next: 2%
Magic:  9/9        EV: 12    Int: 19    God:
Gold:   52         SH:  0    Dex: 12    Spells: 7/10 levels left

rFire    + . .     SeeInvis .   e - +1 hand axe (elec)
rCold    . . .     Gourm    .   (no shield)
rNeg     . . .     Faith    .   a - +0 robe
rPois    .         Spirit   .   b - +0 hat
rElec    .         Reflect  .   h - +1 cloak
rCorr    .         Harm     .   (no gloves)
MR       .....                  (no boots)
Stlth    ++........             (no amulet)
HPRegen  0.11/turn              i - ring of protection from fire
MPRegen  0.11/turn              (no ring)

@: no status effects
A: no striking features
a: no special abilities


You were on level 2 of the Dungeon.
You were not hungry.

You visited 1 branch of the dungeon, and saw 2 of its levels.

You collected 52 gold pieces.

Inventory:

Hand Weapons
 e - a +1 hand axe of electrocution (weapon)
Missiles
 c - 42 stones (quivered)
Armour
 a - a +0 robe (worn)
 b - a +0 hat (worn)
 h - a +1 cloak (worn)
Jewellery
 i - a ring of protection from fire (left hand)
Scrolls
 f - a scroll of teleportation {unknown}
 g - 2 scrolls of random uselessness {unknown}
Comestibles
 d - 3 chunks of flesh


   Skills:
 + Level 1.7 Fighting
 - Level 2.0 Dodging
 - Level 2.0 Stealth
 + Level 3.5 Spellcasting
 + Level 2.1 Conjurations
 + Level 1.0 Summonings
   Level 1.0 Translocations


You had 7 spell levels left.
You knew the following spells:

 Your Spells              Type           Power        Failure   Level  Hunger
a - Magic Dart            Conj           ##..         6%          1    None
b - Call Imp              Summ           #.......     14%         2    ##.....

Your spell library contained the following spells:

 Spells                   Type           Power        Failure   Level  Hunger
 Blink                    Tloc           N/A          14%         2    ##.....
 Slow                     Hex            #.......     22%         2    ##.....
 Conjure Flame            Conj/Fire      #.......     28%         3    ###....
 Mephitic Cloud           Conj/Pois/Air  #.......     32%         3    ###....


Dungeon Overview and Level Annotations

Branches:
Dungeon (2/15)

Altars:


Message History

An adder comes into view.
An adder comes into view.
The gnoll hits you with a flail! The gnoll hits you with a club.
The gnoll hits you but does no damage. The gnoll completely misses you.
The gnoll barely misses you. The gnoll hits you with a club.
The gnoll hits you with a club!
* * * LOW HITPOINT WARNING * * *
The gnoll closely misses you.
The gnoll shouts!
The gnoll hits you but does no damage. The gnoll closely misses you.
The gnoll hits you with a club.
* * * LOW HITPOINT WARNING * * *
The gnoll hits you with a flail.
* * * LOW HITPOINT WARNING * * *
The gnoll closely misses you. The gnoll hits you but does no damage.
The gnoll hits you with a club.
* * * LOW HITPOINT WARNING * * *
The gnoll hits you with a flail!
You die...

#......... ##...######
####.....## ###
#.........# ####..
...##......########....#
## ##...#..........##..
#####.###############.
#.....................
#.###@################
#...gSgg# #..$##### .#


You could see 3 gnolls and an adder.

Vanquished Creatures
  An adder (D:2)
  An ooze (D:1)
  2 worms (D:2)
  3 dart slugs
  A leopard gecko (D:2)
  2 bats (D:2)
  A giant cockroach (D:1)
  4 hobgoblins
  3 kobolds
  7 rats
25 creatures vanquished.

Notes
Turn   | Place    | Note
-------+----------+-------------------------------------------
     0 | D:1      | Tiagovsky the Human Wizard began the quest for the Orb.
     0 | D:1      | Reached XP level 1. HP: 13/13 MP: 4/4
   481 | D:1      | Reached XP level 2. HP: 20/20 MP: 6/6
   700 | D:1      | Reached skill level 1 in Fighting
  1318 | D:2      | Reached XP level 3. HP: 26/26 MP: 4/7
  2099 | D:2      | Reached XP level 4. HP: 26/33 MP: 4/9
  2178 | D:2      | Learned a level 2 spell: Call Imp
  2243 | D:2      | Slain by a gnoll

Skill      XL: |  1  2  3 |
---------------+----------+-----
Fighting       | 1 |  1.7
Conjurations   | 2 |  2.1
Dodging        | |  2.0
Stealth        | |  2.0
Spellcasting   | |  3.5
Summonings     | |  1.0
Translocations | |  1.0

Action                   |  1- 3 |  4- 6 || total
-------------------------+-------+-------++-------
Melee: Unarmed           |    12 |       ||    12
       Hand axe          |    61 |       ||    61
Throw: Stone             |    55 |       ||    55
 Cast: Magic Dart        |    21 |     1 ||    22
  Eat: Ration            |     1 |       ||     1
       Chunk             |       |     1 ||     1
Armor: Robe              |    17 |     2 ||    19
Dodge: Dodged            |    44 |     5 ||    49
